 Dungeon Crawl Stone Soup version 0.29.1-15-g9cfb28693d (webtiles) character file.

Game seed: 17410254864045437035

65613 croobank the Spry (level 14, -6/71 HPs)
             Began as a Felid Summoner on Apr 21, 2023.
             Was an Initiate of Gozag.
             Killed by an exploding meliai (50 damage)
             ... ignited by their inner flame
             ... on level 4 of the Spider Nest.
             The game lasted 05:23:12 (55122 turns).

croobank the Spry (Felid Summoner)                 Turns: 55122, Time: 05:23:12

Health: -6/71      AC:  3    Str:  3    XL:     14   Next: 76%
Magic:  1/31       EV: 40    Int: 26    God:    Gozag
Gold:   3235       SH:  5    Dex: 28    Spells: 1/37 levels left
                                        Lives:  0   Deaths: 5

rFire   . . .      SeeInvis +   (weapon unavailable)
rCold   + + +      Faith    .   (shield unavailable)
rNeg    + + +      Spirit   .   (body armour unavailable)
rPois   +          Reflect  +   (helmet unavailable)
rElec   .          Harm     .   (cloak unavailable)
rCorr   .          Rampage  .   (gloves unavailable)
Will    ++...                   (boots unavailable)
Stlth   ++++......              V - amulet of Railam {Reflect rC+++ SH+5 SInv}
HPRegen 0.21/turn               D - ring of positive energy
MPRegen 0.22/turn               n - ring "Oricheto" {rPois rC+ rN++ Int+4 Dex+6}

@: gold aura, quick
A: very small, claws 1, fangs 3, see invisible, speed 1, shaggy fur 3, stealthy
paws, no weapons or thrown items, no armour, multi-lived, horns 1, agile 1
a: Renounce Religion, Potion Petition, Call Merchant, Bribe Branch


You were on level 4 of the Spider Nest.
You worshipped Gozag.
Gozag was most pleased with you.
You visited 5 branches of the dungeon, and saw 27 of its levels.
You also visited: Ossuary and Ice Cave.

You collected 10138 gold pieces.
You spent 3267 gold pieces at shops.
You paid 3636 gold pieces to Gozag.

Inventory:

Jewellery
 k - a ring of protection from fire
 l - a ring of flight
 n - the ring "Oricheto" (right paw) {rPois rC+ rN++ Int+4 Dex+6}
   (You found it on level 11 of the Dungeon)

   [ring of dexterity]

   Int:       It affects your intelligence (+4).
   Dex:       It affects your dexterity (+6).
   rC:        It protects you from cold.
   rPois:     It protects you from poison.
   rN:        It greatly protects you from negative energy.
 p - a ring of positive energy
 x - a ring of poison resistance
 y - a ring of protection from cold
 D - a ring of positive energy (left paw)
 E - a ring of willpower
 G - a +6 ring of strength
 I - a +6 ring of dexterity
 K - a ring of ice
 N - a +6 ring of dexterity
 R - a ring of protection from cold
 U - a ring of willpower
 V - the amulet of Railam (around neck) {Reflect rC+++ SH+5 SInv}
   (You bought it in a shop on level 2 of the Orcish Mines)

   [amulet of reflection]

   It reflects blocked missile attacks.
   rC:        It renders you almost immune to cold.
   SInv:      It lets you see invisible.
   SH:        It affects your SH (+5).
 W - a +4 ring of protection
Wands
 r - a wand of paralysis (11)
 C - a wand of mindburst (9)
 J - a wand of flame (12)
 Q - a wand of digging (8)
Scrolls
 c - 5 scrolls of teleportation
 d - 2 scrolls of amnesia
 h - 4 scrolls of vulnerability
 q - a scroll of butterflies
 v - a scroll of magic mapping
 B - 2 scrolls of poison
 H - 14 scrolls of identify
 O - a scroll of immolation
 S - a scroll of silence
Potions
 b - 8 potions of curing
 e - 3 potions of brilliance
 f - 3 potions of flight
 g - 2 potions of berserk rage
 i - 3 potions of haste
 j - 7 potions of mutation
 m - a potion of invisibility
 o - 9 potions of lignification
 t - 4 potions of ambrosia
 u - 5 potions of attraction
 A - 4 potions of might
 L - a potion of cancellation
Miscellaneous
 F - a phantom mirror (inert)
 M - a lightning rod (4/4)
 T - a box of beasts


   Skills:
 - Level 13.9 Fighting
 - Level 18.0 Dodging
 - Level 5.9 Stealth
 - Level 12.0 Spellcasting
 - Level 6.5 Conjurations
 - Level 5.0 Hexes
 - Level 11.5 Summonings
 + Level 10.9 Transmutations
 - Level 6.0 Fire Magic
 + Level 11.5 Air Magic


You had one spell level left.
You knew the following spells:

 Your Spells              Type           Power      Damage    Failure   Level
a - Summon Small Mammal   Summ           100%       N/A       1%          1
b - Call Imp              Summ           66%        N/A       1%          2
c - Call Canine Familiar  Summ           66%        N/A       1%          3
d - Summon Guardian Gole  Hex/Summ       55%        N/A       1%          3
e - Summon Lightning Spi  Summ/Air       66%        N/A       1%          4
f - Summon Mana Viper     Hex/Summ       55%        N/A       3%          5
g - Summon Cactus Giant   Summ           33%        N/A       4%          6
h - Fulminant Prism       Conj/Hex       22%        3d13      3%          4
i - Foxfire               Conj/Fire      100%       2x1d9     1%          1
j - Inner Flame           Hex/Fire       44%        N/A       1%          3
k - Airstrike             Air            33%        2d(5-21)  1%          4

Your spell library contained the following spells:

 Spells                   Type           Power      Damage    Failure   Level
 Beastly Appendage        Tmut           100%       N/A       1%          1
 Magic Dart               Conj           100%       1d8       1%          1
 Shock                    Conj/Air       100%       1d9       1%          1
 Necrotise                Necr           60%        1d7       3%          1
 Sandblast                Erth           30%        2d9       3%          1
 Passwall                 Tmut/Erth      36%        N/A       1%          2
 Scorch                   Fire           94%        2d10      1%          2
 Searing Ray              Conj           98%        2d8       1%          2
 Wereblood                Tmut           64%        N/A       1%          2
 Confusing Touch          Hex            41%        N/A       1%          3
 Conjure Flame            Conj/Fire      48%        6-21      1%          3
 Ignite Poison            Fire/Tmut/Pois 45%        N/A       1%          3
 Spider Form              Tmut/Pois      44%        N/A       1%          3
 Swiftness                Air            66%        N/A       1%          3
 Flame Wave               Conj/Fire      48%        2d12      2%          4
 Sticky Flame             Conj/Fire      48%        2d7       2%          4
 Lightning Bolt           Conj/Air       29%        1d45      2%          5
 Stone Arrow              Conj/Erth      64%        3d11      3%          3
 Summon Ice Beast         Ice/Summ       45%        N/A       3%          4
 Ice Form                 Ice/Tmut       44%        N/A       4%          4
 Yara's Violent Unravell  Hex/Tmut       27%        3d12      4%          5
 Freezing Cloud           Conj/Ice/Air   23%        6-21      9%          5
 Hailstorm                Conj/Ice       32%        3d8       10%         4
 Iskenderun's Mystic Bla  Conj/Tloc      32%        2d8       10%         4
 Frozen Ramparts          Ice            30%        1d5       11%         3
 Ozocubu's Armour         Ice            15%        N/A       11%         3
 Vampiric Draining        Necr           15%        2d7       11%         3
 Anguish                  Hex/Necr       14%        N/A       13%         4
 Leda's Liquefaction      Hex/Erth       14%        N/A       13%         4
 Conjure Ball Lightning   Conj/Air       29%        3x3d8     14%         6
 Storm Form               Tmut/Air       32%        N/A       30%         7
 Dispel Undead            Necr           15%        3d10      36%         4
 Olgreb's Toxic Radiance  Pois           15%        N/A       36%         4
 Metabolic Englaciation   Hex/Ice        14%        N/A       36%         5
 Spellforged Servitor     Conj/Summ      29%        N/A       61%         7
 Agony                    Necr           15%        N/A       71%         5
 Borgnjor's Vile Clutch   Necr/Erth      7%         N/A       71%         5
 Lee's Rapid Deconstruct  Erth           7%         3d8*      71%         5
 Maxwell's Capacitive Co  Air            33%        ∞         91%         8
 Summon Horrible Things   Summ           33%        N/A       91%         8
 Haunt                    Necr/Summ      22%        N/A       96%         7
 Death Channel            Necr           7%         N/A       99%         6
 Enfeeble                 Hex            20%        N/A       99%         7
 Ozocubu's Refrigeration  Ice            7%         4d9       100%        7
 Discord                  Hex            20%        N/A       100%        8
 Disjunction              Tloc           7%         N/A       100%        8
 Ignition                 Fire           23%        3d8       100%        8
 Infestation              Necr           7%         N/A       100%        8
 Shatter                  Erth           7%         3d10*     100%        9
 Portal Projectile        Hex/Tloc       Unusable   N/A       N/A         3
 Corpse Rot               Necr/Pois/Air  Unusable   N/A       N/A         4
 Animate Dead             Necr           Unusable   N/A       N/A         4
 Simulacrum               Ice/Necr       Unusable   N/A       N/A         6

Dungeon Overview and Level Annotations

Branches:
Dungeon (15/15)            Temple (1/1) D:4            Lair (5/5) D:9
 Shoals (0/4) Lair:2       Spider (4/4) Lair:2        Slime (0/5) Lair:5
    Orc (2/2) D:12            Elf (0/3) Orc:2        Vaults (0/5) D:13
 Depths (0/4) D:15        Ossuary (visited)           IceCv (visited)

Altars:
Ashenzari
Cheibriados
Dithmenos
Elyvilon
Fedhas
Gozag
Hepliaklqana
Makhleb
Nemelex Xobeh
Okawaru
Qazlal
Ru
Sif Muna
Trog
Vehumet
Wu Jian
Xom
Zin
The Shining One
Jiyva

Shops:
D:5 (   D:7 *=   D:12 !   D:14 =   Orc:2 (*=*   Lair:2 ::

Annotations:
D:2 Sigmund
D:10 exclusion: downstairs
D:12 6 runed translucent doors, 2 transporters, Pelo's ghost, journeyman HOBe
Lair:5 exclusion: oklob plant
Spider:1 3 runed translucent doors, safid's ghost, adept MfIE
Orc:1 3 runed translucent doors, sigtrap's ghost, journeyman SpHu


Innate Abilities, Weirdness & Mutations

You have sharp claws.
You have razor-sharp teeth.
You have supernaturally acute eyesight. (SInv)
You cover ground quickly. (Speed+)
Your thick and shaggy fur keeps you warm. (AC +3, rC+)
Your paws help you pounce on unaware monsters.
You are incapable of wielding weapons or throwing items.
You cannot wear armour.
You gain extra lives every three experience levels.
You have a pair of small horns on your head.
You are agile. (Dex +4, Str/Int -1)


Message History

The meliai invokes the aid of its god against you.
Something smites you!
Your lightning spire shoots out a bolt of lightning at the boulder beetle!
The bolt of electricity hits the boulder beetle!
Flame seeps out of the boulder beetle.
You see here 22 gold pieces.
Casting: Inner Flame (safe; 1% risk of failure)
Confirm with . or Enter, or press ? or * to list all spells.
You conjure some foxfire!
The meliai hits your lightning spire but does no damage.
The meliai stings your lightning spire but does no damage.
The boulder beetle is engulfed in blazing flames.
Flame seeps out of the boulder beetle.
The boulder beetle curls into a ball and begins rolling!
Your lightning spire is engulfed in blazing flames.
The meliai barely misses your lightning spire.
The meliai stings your lightning spire but does no damage.
The foxfire hits the meliai but does no damage.
The foxfire hits the meliai.
Flame seeps out of the meliai.
The meliai is lightly wounded.
The meliai is engulfed in blazing flames.
Flame seeps out of the meliai.
The boulder beetle is engulfed in blazing flames.
Flame seeps out of the boulder beetle.
You hear a skittering sound.
The meliai is engulfed in blazing flames.
Flame seeps out of the meliai.
You block the meliai's attack.
The meliai stings you but does no damage.
Your lightning spire is engulfed in blazing flames.
Your lightning spire shoots out a bolt of lightning at the meliai!
The bolt of electricity hits the meliai!
Flame seeps out of the meliai.
The meliai is engulfed in blazing flames.
The meliai explodes!
The fiery explosion engulfs the boulder beetle!!
The fiery explosion engulfs you!!!
Ouch! That really hurt!
You die...
Your body crumbles into a pile of gold.

,,,,,*#,,...............#
,,,,,##^,...............#
,,,,##^.###....$........#
,^,,#.....^.............#
,,,,........°°..........#
,,<,.....^...^○.$.......#
,,,,^..$.....C§○§.......#
,,,,..##....°8§○§.......#
,,^,,^#....○.○§^@.......#
,,,,,,###.$$.○.........^#
******#^.......[.<......#
*,,,,.....^..^$.$.......#
,,,,.......^....$$......#
^........^^............##
........^#..###.....^..#*
.^......###.*,#.........#
*#.....#* ##^,.......##.#


You could see a friendly cactus giant (summoned) and a friendly lightning spire
(summoned).

Vanquished Creatures
  Jorgrun (Spider:3)
  A tengu reaver (D:15)
  2 emperor scorpions
  Louise (Spider:1)
  A ghost moth (Spider:1)
  A broodmother (Spider:4)
  2 entropy weavers
  A spark wasp (Spider:4)
  A great orb of eyes (D:15)
  A hydra (D:15)
  A yaktaur captain (D:15)
  3 boulder beetles
  A jorogumo (Spider:3)
  A ghost crab (Spider:1)
  2 centaur warriors
  2 radroaches
  5 two-headed ogres
  2 sixfirhies (D:14)
  2 deep trolls (Orc:2)
  A pharaoh ant (Spider:2)
  4 orb spiders
  2 steelbarb worms (Spider:4)
  A necromancer (D:13)
  A deep elf zephyrmancer (D:14)
  2 orc knights
  5 ugly things
  8 wolf spiders
  An orc sorcerer (Orc:2)
  A cyclops (Orc:2)
  2 elephants (Lair:5)
  A black mamba (Lair:1)
  2 torpor snails
  2 nameless horrors
  A gargoyle (D:12)
  An efreet (D:15)
  A demonic crawler (Spider:3)
  6 trolls
  2 tengu conjurers
  6 meliai
  3 blink frogs
  8 slime creatures
  A hornet (Spider:3)
  5 tarantellas
  A raiju (D:14)
  6 jumping spiders
  2 culicivoras
  A vampire (D:12)
  A spriggan (shapeshifter) (D:13)
  A yak (D:12)
  3 wraiths
  14 redbacks
  6 vampire mosquitoes
  A warg (Orc:2)
  3 water moccasins
  6 orc warriors
  5 centaurs (D:14)
  13 ogres (Orc:2)
  A bullfrog (D:6)
  A gnoll sergeant (D:12)
  A wight (D:4)
  Dowan (D:6)
  2 killer bees (D:9)
  2 orc priests (Orc:2)
  9 orc wizards
  8 orcs
  A ball python (D:2)
  3 bats
  A hobgoblin (D:2)
  4 kobolds
195 creatures vanquished.

Vanquished Creatures (collateral kills)
  Mara (Spider:2)
  Arachne (Spider:2)
  2 emperor scorpions
  2 ghost moths (Spider:4)
  A reaper (IceCv)
  A broodmother (Spider:3)
  A spark wasp (Spider:3)
  A fire dragon (D:15)
  Josephine (D:11)
  3 hydras
  A rakshasa (D:15)
  4 catoblepae
  3 centaur warriors
  2 ogre magi (Orc:2)
  A radroach (Spider:2)
  4 boulder beetles
  A tengu warrior (D:14)
  8 two-headed ogres
  4 death yaks (Lair:5)
  An orc high priest (Orc:2)
  Sonja (D:11)
  Amaemon (Lair:1)
  A fire crab (shapeshifter) (D:13)
  2 pharaoh ants
  3 steelbarb worms
  A wizard (D:15)
  2 orb spiders
  3 deep elf pyromancers
  10 ugly things
  2 wolf spiders
  2 cyclopes
  4 elephants (Lair:5)
  A black mamba (Lair:4)
  A black mamba (shapeshifter) (D:13)
  5 cane toads
  An orange demon (Lair:2)
  4 kobold demonologists (D:12)
  2 unseen horrors (D:12)
  4 torpor snails
  3 demonic crawlers
  An efreet (D:12)
  A komodo dragon (Lair:1)
  A tengu conjurer (D:15)
  2 ice devils (IceCv)
  10 hornets
  3 meliai
  2 polar bears (Lair:5)
  4 tyrant leeches (Spider:1)
  9 trolls
  21 blink frogs
  10 tarantellas
  A raiju (D:14)
  9 slime creatures
  A centaur simulacrum (D:12)
  4 culicivoras
  A shadow (D:7)
  9 jumping spiders
  3 wyverns
  7 spriggans (D:8)
  5 wraiths
  29 yaks
  5 basilisks
  19 redbacks
  A steam dragon (D:8)
  A death yak simulacrum (IceCv)
  A harpy simulacrum (IceCv)
  8 vampire mosquitoes
  A swamp worm (shapeshifter) (D:15)
  A warg (Orc:2)
  10 water moccasins
  3 nameless horrors
  Duvessa (D:6)
  10 orc warriors
  2 ice beasts
  6 wolves (Lair:4)
  8 centaurs
  6 ogres
  2 phantoms
  6 kobold brigands
  6 scorpions
  13 bullfrogs
  A gnoll sergeant (D:11)
  A cane toad simulacrum (IceCv)
  3 two-headed ogre simulacra (IceCv)
  2 killer bees (D:9)
  7 wights
  A howler monkey (D:7)
  5 hounds
  A gnoll bouda (D:8)
  10 orc priests
  Terence (D:2)
  3 iguanas
  19 orc wizards
  3 hell rats (Lair:4)
  A polar bear simulacrum (IceCv)
  A spriggan simulacrum (IceCv)
  A wolf simulacrum (IceCv)
  3 mummies (Ossuary)
  18 gnolls
  5 adders
  A naga simulacrum (IceCv)
  4 white imps
  6 ufetubi
  An adder zombie (Ossuary)
  2 worms
  A dart slug (D:3)
  57 orcs
  6 ball pythons
  4 endoplasms
  5 giant cockroaches
  2 goblins
  7 hobgoblins
  8 jackals
  12 kobolds
  2 quokkas
  3 bats
  2 frilled lizards (D:2)
  A gnoll zombie (Ossuary)
  3 goblin zombies (Ossuary)
  A hobgoblin zombie (Ossuary)
  2 kobold zombies (Ossuary)
  An orc zombie (Ossuary)
  3 quokka zombies (Ossuary)
  6 rats
  6 rat zombies (Ossuary)
571 creatures vanquished.

Vanquished Creatures (others)
  A spark wasp (Spider:3)
  Erolcha (D:9)
  2 hydras
  Harold (D:11)
  2 centaur warriors (D:14)
  An ogre mage (D:12)
  2 catoblepae
  2 two-headed ogres
  A death yak (Lair:5)
  Urug (D:11)
  A pharaoh ant (Spider:2)
  A sixfirhy (D:14)
  An ugly thing (D:10)
  A deep elf pyromancer (D:13)
  3 wolf spiders
  3 manticores
  An elephant (Lair:5)
  A gargoyle (D:12)
  A black mamba (Lair:4)
  A torpor snail (Spider:3)
  2 ice statues (IceCv)
  2 cane toads
  2 komodo dragons
  A yaktaur (D:12)
  3 ice devils (IceCv)
  A troll (Orc:1)
  A tyrant leech (Spider:1)
  A polar bear (Lair:2)
  A hornet (D:8)
  2 tarantellas
  3 blink frogs
  25 yaks
  3 spriggans (D:8)
  A wyvern (D:9)
  Grum (D:8)
  3 redbacks (Spider:2)
  3 death yak simulacra (IceCv)
  A warg (D:12)
  2 acid dragons
  A water moccasin (D:9)
  A black bear (D:6)
  5 orc warriors
  3 wolves (Lair:4)
  An ogre (D:5)
  2 centaurs
  A cane toad simulacrum (IceCv)
  3 scorpions
  A two-headed ogre simulacrum (IceCv)
  10 wights
  A killer bee (D:9)
  2 orc priests
  An iguana (D:5)
  3 hell rats (Lair:4)
  3 orc wizards
  2 troll simulacra (IceCv)
  A gnoll (D:11)
  A naga simulacrum (IceCv)
  9 orcs
  A kobold (D:9)
  752 foxfires
  14 fulminant prisms
  35 fungi
  41 plants
980 creatures vanquished.

Grand Total: 1746 creatures vanquished

Notes
Turn   | Place    | Note
-------+----------+-------------------------------------------
     0 | D:1      | croobank the Felid Summoner began the quest for the Orb.
     0 | D:1      | Reached XP level 1. HP: 7/7 MP: 4/4
   374 | D:1      | Reached skill level 3 in Dodging
   411 | D:1      | Reached XP level 2. HP: 10/11 MP: 3/6
   414 | D:1      | Learned a level 2 spell: Call Imp
  1628 | D:2      | Reached XP level 3. HP: 15/15 MP: 2/7
  1632 | D:2      | Learned a level 3 spell: Call Canine Familiar
  1759 | D:2      | Noticed Sigmund
  1934 | D:2      | Noticed Terence
  2087 | D:2      | Killed Terence
  2088 | D:2      | Reached skill level 1 in Fighting
  2088 | D:2      | Reached XP level 4. HP: 19/19 MP: 4/8
  3010 | D:3      | Identified the +6 sling of Unounnel {speed, +Blink rElec
                  | Int+5 Dex-3}
  3416 | D:4      | Reached skill level 1 in Hexes
  3549 | D:4      | Reached XP level 5. HP: 22/22 MP: 3/10
  3622 | D:4      | Reached skill level 4 in Dodging
  3980 | D:4      | Found a sand-covered staircase.
  3987 | Ossuary  | Entered an ossuary
  3999 | Ossuary  | Learned a level 3 spell: Summon Guardian Golem
  4706 | D:4      | Gained mutation: You are covered in thick fur. (AC +2)
                  | [Felid growth]
  4706 | D:4      | Reached XP level 6. HP: 23/26 MP: 4/11
  5054 | D:4      | Found a staircase to the Ecumenical Temple.
  5060 | Temple   | Entered the Ecumenical Temple
  5073 | Temple   | Became a worshipper of Gozag Ym Sagoz the Greedy
  5294 | D:5      | Entered Level 5 of the Dungeon
  5319 | D:4      | Reached skill level 5 in Summonings
  5455 | D:5      | Reached skill level 5 in Stealth
  5458 | D:5      | Reached XP level 7. HP: 28/30 MP: 1/13
  5684 | D:5      | Reached skill level 5 in Dodging
  6193 | D:5      | Learned a level 4 spell: Summon Lightning Spire
  6210 | D:5      | Found a glowing silver altar of Zin.
  6377 | D:5      | Reached skill level 1 in Air Magic
  6377 | D:5      | Reached XP level 8. HP: 34/34 MP: 1/14
  6475 | D:5      | Found an ornate altar of the Wu Jian Council.
  6883 | D:5      | Found a sparkling altar of Nemelex Xobeh.
  7211 | D:5      | Found Dinoatwu's Weapon Shop.
  7275 | D:6      | Gained mutation: You sometimes lose your temper in combat.
                  | [potion of mutation]
  7275 | D:6      | Gained mutation: Your spells are a little harder to cast,
                  | but a little more powerful. [potion of mutation]
  7276 | D:6      | Lost mutation: You sometimes lose your temper in combat.
                  | [potion of mutation]
  7276 | D:6      | Lost mutation: Your spells are a little harder to cast, but
                  | a little more powerful. [potion of mutation]
  7276 | D:6      | Gained mutation: You are agile. (Dex +4, Str/Int -1)
                  | [potion of mutation]
  7276 | D:6      | Gained mutation: You have a pair of small horns on your
                  | head. [potion of mutation]
  7392 | D:6      | Reached skill level 6 in Dodging
  7392 | D:6      | Reached skill level 5 in Hexes
  8097 | D:6      | Noticed Dowan
  8110 | D:6      | Noticed Duvessa
  8152 | D:6      | Killed Duvessa
  8161 | D:6      | Killed Dowan
  8699 | D:6      | Reached XP level 9. HP: 39/39 MP: 7/17
  8810 | D:6      | Reached skill level 7 in Dodging
  9379 | D:6      | Killed from afar by a white imp
  9380 | D:6      | Reached XP level 8. HP: -8/36 MP: 2/16
  9505 | D:6      | Killed a nameless horror
  9620 | D:6      | Found a glowing golden altar of the Shining One.
  9879 | D:7      | You fall into a shaft and drop 1 floor!
  9894 | D:8      | Noticed Grum
  9903 | D:8      | Noticed a hornet
  9922 | D:8      | Killed a hornet
  9923 | D:8      | Reached skill level 5 in Spellcasting
  9950 | D:8      | Killed Grum
  9951 | D:8      | Reached skill level 5 in Fighting
 10114 | D:8      | Reached skill level 5 in Air Magic
 10213 | D:8      | Killed from afar by an orc priest
 10214 | D:8      | Reached XP level 7. HP: -2/33 MP: 1/15
 10218 | D:7      | Found Xeypoo's Jewellery Boutique.
 10241 | D:7      | Bought an amulet of reflection for 360 gold pieces
 10246 | D:7      | Bought a ring of poison resistance for 240 gold pieces
 10396 | D:7      | Reached XP level 8. HP: 33/37 MP: 4/16
 10727 | D:7      | Found a white marble altar of Elyvilon.
 10816 | D:7      | Found Seygyfaf's General Store.
 10823 | D:7      | Bought 3 scrolls of butterflies for 132 gold pieces
 10823 | D:7      | Bought a potion of might for 44 gold pieces
 10903 | D:7      | Reached skill level 8 in Dodging
 11467 | D:8      | Reached XP level 9. HP: 41/41 MP: 4/18
 11876 | D:8      | Noticed a two-headed ogre
 11888 | D:8      | Killed a two-headed ogre
 12003 | D:8      | Reached skill level 9 in Dodging
 12004 | D:8      | Reached XP level 10. HP: 45/45 MP: 15/20
 12118 | D:8      | Found a radiant altar of Vehumet.
 12711 | D:9      | Found a blossoming altar of Fedhas.
 12862 | D:9      | Noticed Erolcha
 12926 | D:10     | Entered Level 10 of the Dungeon
 13149 | D:9      | Reached skill level 10 in Dodging
 13293 | D:9      | Noticed a two-headed ogre
 13305 | D:9      | Killed a two-headed ogre
 13495 | D:9      | Found a burning altar of Makhleb.
 13495 | D:9      | Noticed a blizzard demon
 13538 | D:9      | Found a staircase to the Lair.
 13585 | D:9      | Learned a level 3 spell: Swiftness
 13590 | D:9      | Learned a level 4 spell: Airstrike
 13774 | D:9      | Killed Erolcha
 13775 | D:9      | Reached XP level 11. HP: 50/50 MP: 12/23
 13984 | D:9      | Found a shimmering blue altar of Sif Muna.
 14036 | D:9      | Got Sif Muna's Verses on Grit
 14572 | D:10     | Identified the +10 morningstar "Motz" {vorpal, rN+ Will+}
 15195 | D:11     | Noticed Urug
 15245 | Lair:1   | Entered Level 1 of the Lair of Beasts
 15269 | Lair:1   | Reached skill level 11 in Dodging
 15548 | Lair:1   | You fall into a shaft and drop 1 floor!
 15548 | Lair:2   | Noticed an eight-headed hydra
 15563 | Lair:2   | Noticed Amaemon
 15565 | Lair:2   | Killed an eight-headed hydra
 15818 | Lair:1   | Killed Amaemon
 16507 | Lair:1   | Noticed a catoblepas
 16549 | Lair:1   | Killed a catoblepas
 17054 | Lair:2   | Found a hole to the Spider Nest.
 17204 | Lair:2   | Found a staircase to the Shoals.
 17275 | Lair:2   | Reached skill level 12 in Dodging
 17475 | Lair:2   | Identified the +8 whip of Defence {freeze, rN+ Stlth+}
 17514 | Lair:2   | Noticed a six-headed hydra
 17535 | Lair:2   | Killed a six-headed hydra
 17536 | Lair:2   | Gained mutation: Your thick and shaggy fur keeps you warm.
                  | (AC +3, rC+) [Felid growth]
 17536 | Lair:2   | Reached XP level 12. HP: 33/57 MP: 16/25
 17554 | Lair:2   | Reached skill level 10 in Summonings
 18092 | Lair:2   | Noticed a six-headed hydra
 18103 | Lair:2   | Killed a six-headed hydra
 18668 | Lair:3   | Noticed a catoblepas
 18689 | Lair:3   | Killed a catoblepas
 18933 | Lair:3   | Reached skill level 13 in Dodging
 19507 | Lair:4   | Reached skill level 10 in Fighting
 20379 | Lair:4   | Reached skill level 10 in Spellcasting
 20401 | Lair:4   | Reached skill level 14 in Dodging
 20896 | Lair:5   | Entered Level 5 of the Lair of Beasts
 20915 | Lair:5   | Reached XP level 13. HP: 63/63 MP: 16/28
 21489 | Lair:5   | Reached skill level 15 in Dodging
 22831 | Lair:5   | Reached skill level 16 in Dodging
 23456 | Lair:5   | Found a viscous altar of Jiyva.
 23457 | Lair:5   | Found a staircase to the Slime Pits.
 24375 | D:11     | Noticed Josephine
 24673 | D:7      | Bought a ring of positive energy for 240 gold pieces
 24673 | D:7      | Bought a ring of positive energy for 240 gold pieces
 24888 | D:11     | Killed Josephine
 24897 | D:11     | Identified the ring "Oricheto" {rPois rC+ rN++ Int+4 Dex+6}
 24929 | D:11     | Killed Urug
 25717 | D:11     | Noticed Harold
 25835 | D:11     | Reached XP level 14. HP: 58/70 MP: 16/29
 26045 | D:11     | Noticed Sonja
 26056 | D:11     | Killed Sonja
 26354 | D:11     | Killed Harold
 26677 | D:12     | Found a large runed translucent door.
 26680 | D:12     | Found a large runed translucent door.
 26748 | D:12     | Found a frozen archway.
 26761 | IceCv    | Entered an ice cave
 26776 | IceCv    | Learned a level 4 spell: Fulminant Prism
 27301 | IceCv    | Reached skill level 17 in Dodging
 27301 | IceCv    | Reached skill level 1 in Conjurations
 27737 | IceCv    | Noticed a reaper
 27758 | IceCv    | Killed a reaper
 28758 | D:12     | Found a transporter.
 28759 | D:12     | Noticed Pelo's ghost (journeyman HOBe)
 28759 | D:12     | Identified the +4 great mace "Denwilef" {elec, rCorr Str+3
                  | Dex-2}
 28761 | D:12     | Found a transporter.
 28772 | D:12     | Found Vylaili's Distillery.
 28850 | D:12     | Learned a level 1 spell: Foxfire
 29145 | D:12     | Found a staircase to the Orcish Mines.
 29248 | D:12     | Reached skill level 1 in Fire Magic
 29287 | D:12     | Learned a level 3 spell: Inner Flame
 29339 | D:12     | Found a large runed translucent door.
 29339 | D:12     | Found a large runed translucent door.
 29717 | D:12     | Noticed a sphinx
 29717 | D:12     | Found a runed translucent gate.
 29717 | D:12     | Found a runed translucent gate.
 29717 | D:12     | Found a runed translucent gate.
 29726 | D:12     | Hit by a large rock thrown by a cyclops
 29727 | D:12     | Reached XP level 13. HP: -3/66 MP: 0/28
 31099 | D:12     | Found a runed translucent gate.
 31099 | D:12     | Found a runed translucent gate.
 31099 | D:12     | Found a runed translucent gate.
 32051 | D:12     | Noticed a broodmother
 32051 | D:12     | a seven-headed hydra changed into a broodmother
 32054 | D:12     | a broodmother changed into a goliath frog
 32060 | D:12     | Noticed an ettin
 32060 | D:12     | a shining eye changed into an ettin
 32709 | D:13     | Identified a scroll of acquirement
 33214 | D:13     | Found a gate to the Vaults.
 33772 | D:14     | Reached XP level 14. HP: 52/70 MP: 4/29
 34213 | D:14     | Acquired Jiceuss's Tractate on Frostbitten Minerals
 34215 | D:14     | Acquired the Encyclopedia of Spellbinding and Convocation
 34223 | D:14     | Learned a level 5 spell: Summon Mana Viper
 34555 | D:14     | Reached skill level 5 in Conjurations
 34732 | D:15     | Entered Level 15 of the Dungeon
 35112 | Orc:1    | Entered Level 1 of the Orcish Mines
 35932 | Orc:1    | Found a runed translucent gate.
 35932 | Orc:1    | Found a runed translucent gate.
 35932 | Orc:1    | Found a runed translucent gate.
 36188 | Orc:1    | Found an iron altar of Okawaru.
 36188 | Orc:1    | Noticed sigtrap's ghost (journeyman SpHu)
 36318 | Orc:2    | Entered Level 2 of the Orcish Mines
 36837 | Orc:2    | Reached skill level 5 in Fire Magic
 38982 | Orc:2    | Found Kodd's Assorted Antiques.
 38998 | Orc:2    | Found Ahenaetu's Jewellery Shop.
 39271 | Orc:2    | Found Malury's Assorted Antiques.
 39278 | Orc:2    | Found Qizoe's Weapon Boutique.
 39289 | Orc:2    | Found a staircase to the Elven Halls.
 39357 | Orc:2    | Bought the amulet of Railam {Reflect rC+++ SH+5 SInv} for
                  | 1066 gold pieces
 39373 | Orc:2    | Bought a wand of roots (6) for 360 gold pieces
 39373 | Orc:2    | Bought a scroll of teleportation for 75 gold pieces
 40149 | D:14     | Reached skill level 18 in Dodging
 40572 | D:14     | Found Uwikirph's Jewellery Boutique.
 40647 | D:14     | Found a sacrificial altar of Ru.
 41041 | D:15     | Reached skill level 1 in Transmutations
 41203 | D:15     | Noticed a tengu reaver
 41218 | D:15     | Killed a tengu reaver
 41219 | D:15     | Reached XP level 15. HP: 75/75 MP: 0/31
 42770 | D:15     | Identified the +2 scale mail of Magic {rElec rF+}
 44217 | D:15     | Found a staircase to the Depths.
 44414 | Lair:2   | Bought a book of Scorching for 510 gold pieces
 44422 | Lair:2   | Learned a level 6 spell: Summon Cactus Giant
 44424 | Spider:1 | Entered Level 1 of the Spider Nest
 44424 | Spider:1 | Found a runed translucent gate.
 44424 | Spider:1 | Found a runed translucent gate.
 44424 | Spider:1 | Found a runed translucent gate.
 44428 | Spider:1 | Noticed an emperor scorpion
 44429 | Spider:1 | Noticed safid's ghost (adept MfIE)
 44430 | Spider:1 | Noticed an emperor scorpion
 44434 | Spider:1 | Reached skill level 5 in Transmutations
 44875 | Spider:1 | Noticed Louise
 44896 | Spider:1 | Killed Louise
 46298 | Spider:2 | Noticed an emperor scorpion
 47167 | Spider:2 | Killed an emperor scorpion
 48703 | Spider:2 | Noticed Arachne
 48721 | Spider:2 | Killed Arachne
 49472 | Spider:2 | Reached skill level 10 in Air Magic
 50595 | Spider:3 | Noticed Mara
 50600 | Spider:3 | Noticed croobank's illusion
 51177 | Spider:2 | Killed Mara
 51178 | Spider:2 | Reached XP level 16. HP: 30/79 MP: 1/32
 53150 | Spider:3 | Noticed Jorgrun
 53162 | Spider:3 | Killed Jorgrun
 53163 | Spider:3 | Reached skill level 10 in Transmutations
 53873 | Spider:4 | Entered Level 4 of the Spider Nest
 54174 | Spider:4 | Blown up by an orb spider
 54175 | Spider:4 | Reached XP level 15. HP: -41/75 MP: 26/31
 54205 | Spider:4 | HP: 2/75 [jumping spider[a broodmother] (8)]
 54217 | Spider:4 | Noticed an emperor scorpion
 54221 | Spider:4 | Killed by an exploding cactus giant... ignited by their
                  | inner flame
 54221 | Spider:4 | Killed an emperor scorpion
 54222 | Spider:4 | Reached XP level 14. HP: -16/71 MP: 20/30
 54249 | Spider:4 | Noticed a ghost moth
 54262 | Spider:4 | Killed a ghost moth
 54624 | Spider:3 | HP: 2/71 [broodmother (35)]
 54631 | Spider:3 | Killed a broodmother
 55122 | Spider:4 | Killed by an exploding meliai... ignited by their inner
                  | flame

Illustrated notes

Levels and vault maps discovered:
D:1:      minmay_arrival_diagonal_passages, layout_basic
D:2:      layout_loops_cross, uniq_terence, uniq_sigmund
D:3:      layout_loops_cross
D:4:      layout_basic, minmay_temple_entry_fiery, chequers_ossuary_entry_cave
D:5:      layout_rooms, nicolae_overflow_crystal_walls,
          nemelex_diamond_rough_becter, amcnicky_altar_gilded, serial_shops,
          nicolae_shop_bloodbath_and_beyond
D:6:      minmay_skewed_foursquare, layout_loops_ring,
          nicolae_tso_swordbearing_angel, uniq_duvessa
D:7:      layout_cave_pools, elyvilon_altar_3, serial_shops, shop_fountains,
          nicolae_shop_crystal
D:8:      kb_forest_paths, layout_basic, nicolae_vehumet_radiance,
          lemuel_crystal_altar, sigmund_army, uniq_grum
D:9:      layout_basic, fedhas_altar_1, makhleb_altar_promises_db, led_sif_book,
          grunt_lair_entry_orc_guard_hut, grunt_ministairs_13, uniq_erolcha
D:10:     layout_gridville
D:11:     layout_small_grid, gauntlet_entry_generic, minivault_23, uniq_sonja,
          uniq_urug, uniq_harold, uniq_josephine
D:12:     kennysheep_treasure_stockpile, layout_long_grid, david_orc_1_choice,
          serial_shops, shop, gammafunk_ghost_smash,
          portal_ice_cave_entry_pillars_1, minmay_hollow_rounded_squares
D:13:     layout_gridville, david_vaults_1
D:14:     minmay_shoctagon, layout_rooms, serial_shops, nicolae_shop_crystal,
          nicolae_ru_path_of_blood, columned_hall_lemuel, nrook_loot_triangle,
          grunt_ogre_cave, minmay_misc_feat_x
D:15:     gammafunk_enter_depths_forms, layout_rooms, dispersion_dpeg
Temple:   nicolae_temple_x_marks_the_god
Lair:1:   layout_long_grid, eino_small_chamber_without_monster,
          patterned_corridor
Lair:2:   layout_cave_pods, elwin_shoals_entry_rocks,
          nicolae_spider_entry_non_spiders, eino_small_chamber_without_monster,
          serial_bayou_shore_b, uniq_amaemon
Lair:3:   layout_roguey, infiniplex_staircase_pool_2, lemuel_fruit_fields
Lair:4:   layout_hall_layers
Lair:5:   evilmike_catoblepas_cave, layout_regular_city, slime_entry_1,
          minmay_lair_oklob_bushes, st_stairs_5
Spider:1: layout_spider_delve, gammafunk_ghost_split,
          nicolae_spider_swamp_cousins, uniq_louise
Spider:2: layout_spider_delve, uniq_arachne
Spider:3: spiders_nest_scorpion_pit, nicolae_spider_shape,
          hangedman_spider_tarantella_strand, uniq_mara, uniq_jorgrun
Spider:4: hellmonk_spider_rune_bug_friends
Orc:1:    layout_caves, gammafunk_ghost_fury_of_okawaru
Orc:2:    st_orc_open, layout_caves, basic_altar

Skill      XL: |  1  2  3  4  5  6  7  8  9 10 11 12 13 14 15 16 |
---------------+-------------------------------------------------+-----
Dodging        | 3 4 5 8 9 10 12 14 16 18 | 18.0
Stealth        | 3 4 5 |  5.9
Fighting       | 1 2 3 5 6 7 9 10 13 | 13.9
Hexes          | 1 2 3 4 5 |  5.0
Spellcasting   | 3 5 6 7 8 10 12 | 12.0
Summonings     | 5 7 8 9 10 11 | 11.5
Air Magic      | 1 5 6 7 10 11 | 11.5
Conjurations   | 4 6 |  6.5
Fire Magic     | 3 6 |  6.0
Transmutations | 2 9 10 | 10.9

Action                   |  1- 3 |  4- 6 |  7- 9 | 10-12 | 13-15 | 16-18 || total
-------------------------+-------+-------+-------+-------+-------+-------++-------
Melee: Unarmed           |    16 |    10 |    73 |    60 |   146 |    23 ||   328
       Bite              |     1 |     3 |     7 |    10 |    29 |     7 ||    57
       Headbutt          |       |       |    11 |    14 |    49 |    14 ||    88
       Punch             |       |       |       |       |     5 |       ||     5
 Cast: Summon Small Mamm |    35 |    25 |    35 |     4 |    22 |     2 ||   123
       Call Imp          |    11 |    18 |    20 |     4 |    14 |       ||    67
       Call Canine Famil |     5 |    30 |    59 |    44 |    82 |     3 ||   223
       Summon Guardian G |       |     5 |    34 |    40 |   144 |    12 ||   235
       Summon Lightning  |       |       |    26 |    86 |   208 |     4 ||   324
       Foxfire           |       |       |       |       |   385 |    39 ||   424
       Inner Flame       |       |       |       |       |   175 |    24 ||   199
       Airstrike         |       |       |       |       |   111 |     7 ||   118
       Fulminant Prism   |       |       |       |       |    14 |       ||    14
       Summon Mana Viper |       |       |       |       |    23 |     7 ||    30
       Summon Cactus Gia |       |       |       |       |    39 |    21 ||    60
Invok: Potion Petition   |       |       |       |       |     4 |       ||     4
       Call Merchant     |       |       |       |       |     2 |       ||     2
Evoke: Wand              |       |       |       |    10 |    23 |     7 ||    40
       Phantom mirror    |       |       |       |     1 |     1 |       ||     2
       Box of beasts     |       |       |       |       |     1 |       ||     1
       Lightning rod     |       |       |       |       |     1 |       ||     1
  Use: Scroll            |     4 |     5 |    17 |     6 |    25 |     1 ||    58
       Potion            |       |       |     4 |     1 |    11 |     6 ||    22
 Stab: Sleeping          |     2 |       |       |     1 |     3 |       ||     6
       Distracted        |     1 |       |       |     2 |     5 |     1 ||     9
       Paralysed         |       |       |       |     2 |     1 |       ||     3
       Invisible         |       |       |       |       |     2 |       ||     2
Armor: Skin              |     3 |     1 |     4 |     4 |     8 |     5 ||    25
Dodge: Dodged            |    31 |    22 |    89 |   132 |   710 |   119 ||  1103
Block: Other             |       |       |       |    26 |   143 |    23 ||   192
       Reflection        |       |       |       |     1 |    12 |       ||    13
